AoeStats
← LendaBenda

Arabia

509336675Analyzed
1v1 RM · 5d ago on Sep 26, 2026· 63m 37s· 2 players
Game mode
Random Map
Map size
Tiny (2 player)
Population
200
Speed
Normal
Resources
Standard
Victory
Conquest
Starting age
Dark Age
Ending age
Imperial Age
RankedLock teamsTeams togetherTeam positionsShared explorationLock speedFull tech treeHidden civsTurbo modeCheats
Victory
Defeat
🇨🇿 Mongols · Czechia
1021
+14
🇫🇷 Vietnamese · France
982
-14
tony45330
7:50 Loom
11:08 Feudal Age
11:48 Man-at-Arms
12:37 Double-Bit Axe
21:18 Castle Age
20:02 Fletching
20:32 Gold Mining
21:57 Crossbowman
24:40 Bodkin Arrow
25:18 Horse Collar
26:46 Bow Saw
28:45 Thumb Ring
30:40 Wheelbarrow
31:28 Padded Archer Armor
33:01 Ballistics
33:10 Heavy Plow
39:08 Husbandry
39:22 Scale Barding Armor
39:28 Forging
40:06 Bloodlines
44:00 Imperial Age
43:12 Hand Cart
42:43 Town Watch
44:08 Cavalier
45:30 Chain Barding Armor
45:46 Iron Casting
47:14 Elite Skirmisher
49:07 Town Patrol
48:32 Light Cavalry
50:21 Imperial Skirmisher
51:13 Bracer
57:59 Two-Man Saw
58:12 Crop Rotation
59:04 Plate Barding Armor
58:45 Leather Archer Armor
62:51 Ring Archer Armor
62:22 Scale Mail Armor
LendaBenda
9:25 Feudal Age
10:22 Loom
10:27 Double-Bit Axe
11:19 Horse Collar
12:26 Forging
22:26 Castle Age
20:40 Gold Mining
21:18 Stone Mining
22:36 Elite Skirmisher
23:37 Bloodlines
24:44 Wheelbarrow
24:51 Husbandry
26:02 Fletching
26:49 Padded Archer Armor
29:01 Leather Archer Armor
32:00 Bodkin Arrow
33:30 Heavy Plow
40:28 Imperial Age
40:32 Ballistics
42:22 Bow Saw
43:11 Bracer
44:15 Chemistry
43:11 Elite Mangudai
44:11 Hand Cart
43:45 Town Watch
50:57 Parthian Tactics
50:39 Thumb Ring
54:59 Light Cavalry
56:17 Iron Casting
55:47 Scale Barding Armor
56:11 Hussar
57:59 Conscription
58:33 Chain Barding Armor
59:16 Blast Furnace
Connection lost

Rejoining the realm…

Still unreachable

The connection could not be restored.

Session expired

The server has moved on; the page needs a fresh start.